 Dungeon Crawl Stone Soup version 0.21.1-1-g345015f (webtiles) character file.

8029 poop the Cleaver (level 11, -1/95 HPs)
             Began as a Hill Orc Fighter on June 23, 2018.
             Was a Priest of Beogh.
             Killed from afar by a fire dragon (30 damage)
             ... with a blast of flame
             ... on level 10 of the Dungeon on June 26, 2018.
             The game lasted 01:56:44 (9104 turns).

poop the Cleaver (Hill Orc Fighter)                 Turns: 9104, Time: 01:56:57

Health: -1/95      AC: 16    Str: 20    XL:     11   Next: 24%
Magic:  15/15      EV:  7    Int: 11    God:    Beogh [***...]
Gold:   397        SH: 11    Dex: 10    Spells: 10/10 levels left

rFire    . . .     SeeInvis .   a - +2 war axe
rCold    . . .     Gourm    .   c - +0 shield
rNeg     + . .     Faith    .   F - +0 plate armour
rPois    +         Spirit   .   (no helmet)
rElec    .         Reflect  .   R - scarf {cloud immunity}
rCorr    .         Harm     +   (no gloves)
MR       .....                  (no boots)
Stlth    ..........             S - amulet of harm
HPRegen  0.25/turn              l - +3 ring of protection
MPRegen  0.14/turn              j - ring of positive energy

@: no status effects
A: claws 1, poison resistance
a: Smiting, Renounce Religion


You were on level 10 of the Dungeon.
You worshipped Beogh.
Beogh was most pleased with you.
You were not hungry.

You visited 1 branch of the dungeon, and saw 10 of its levels.
You also visited: Sewer.

You collected 529 gold pieces.
You spent 132 gold pieces at shops.

Inventory:

Hand Weapons
 a - a +2 war axe (weapon)
 e - the +7 dagger of War {holy, rF+ rC- Str+8 Dex+3, unknown}
   (You found it on level 9 of the Dungeon)

   It has been blessed by the Shining One to cause great damage to the undead
   and demons.
   It affects your strength (+8).
   It affects your dexterity (+3).
   It protects you from fire.
   It makes you vulnerable to cold.
 V - a +1 arbalest of freezing
Missiles
 i - 348 stones (quivered)
 H - 64 bolts
Armour
 b - a +1 scale mail
 c - a +0 shield (worn)
 v - a cursed +0 robe
 C - a +3 leather armour of cold resistance
 F - a +0 plate armour (worn)
 L - a +1 cloak
 R - a scarf of cloud immunity (worn)
Jewellery
 j - a ring of positive energy (right claw)
 l - a +3 ring of protection (left claw)
 z - a +5 amulet of reflection
 S - an amulet of harm (around neck)
 W - an uncursed ring of resist corrosion
 Z - a cursed ring of ice {unknown}
Wands
 g - a wand of paralysis (6)
 p - a wand of flame (20)
 G - a wand of iceblast (6)
Scrolls
 d - 7 scrolls of teleportation
 m - 6 scrolls of identify
 q - a scroll of amnesia {unknown}
 t - 5 scrolls of remove curse
 y - 2 scrolls of blinking {unknown}
 A - 2 scrolls of magic mapping
 E - 3 scrolls of immolation {unknown}
 I - a scroll of enchant armour
 P - a scroll of random uselessness {unknown}
 U - a scroll of holy word {unknown}
Potions
 h - 2 potions of resistance
 k - 2 potions of mutation
 n - 3 potions of magic
 o - 6 potions of curing
 r - 2 potions of flight {unknown}
 s - a potion of invisibility {unknown}
 w - 3 potions of degeneration {unknown}
 x - a potion of heal wounds {unknown}
 J - a potion of lignification
 Q - 4 potions of brilliance {unknown}
Books
 D - a book of Maledictions

   Spells                             Type                      Level
   a - Corona                         Hexes                        1
   b - Ensorcelled Hibernation        Hexes/Ice                    2
   c - Confuse                        Hexes                        3
   d - Tukima's Dance                 Hexes                        3
   e - Dazzling Spray                 Conjuration/Hexes            3
 T - a book of Geomancy

   Spells                             Type                      Level
   a - Sandblast                      Earth                        1
   b - Passwall                       Transmutation/Earth          2
   c - Stone Arrow                    Conjuration/Earth            3
   d - Petrify                        Transmutation/Earth          4
   e - Lee's Rapid Deconstruction     Earth                        5
 Y - The Almanac of Greatest Risks and Utility
   (You found it on level 9 of the Dungeon)

   Spells                             Type                      Level
   a - Dragon's Call                  Summoning                    9
Miscellaneous
 u - a lamp of fire
 X - a lamp of fire
Comestibles
 f - 16 rations
 B - a chunk of flesh


   Skills:
 + Level 8.9 Fighting
 * Level 12.4 Axes
 + Level 8.1 Armour
 + Level 5.6 Dodging
 + Level 8.1 Shields
 * Level 5.6 Invocations


You had 10 spell levels left.
You didn't know any spells.

Dungeon Overview and Level Annotations

Branches:
Dungeon (10/15)            Temple (0/1) D:6            Lair (0/6) D:8
    Orc: D:9-12

Altars:
Nemelex Xobeh
Ru
Trog
Uskayaw
Vehumet
Wu Jian
Xom
Yredelemnul

Shops:
D:6 (   D:7 ?   D:8 =}

Annotations:
D:2 1 runed door
D:7 exclusion: downstairs


Innate Abilities, Weirdness & Mutations

You have sharp fingernails.
Your system is resistant to poisons. (rPois)


Message History

The floor.
Okay, then.
What are your orders? t - Shout!
Orders for allies: a - Attack new target. r - Retreat! s - Stop attacking. g - Guard the area. f - Follow me.
Anything else - Cancel.
Gang up on whom?
Press: ? - help, Dir - move target cursor, f - fire dragon
Aim: a fire dragon Attack!
It was a potion of mutation.
You feel extremely strange.
You feel resistant to poisons.
You feel frail.
You feel robust.
Your fingernails lengthen.
Your orc knight hits the fire dragon but does no damage.
The fire dragon breathes flames at you.
The blast of flame misses your orc knight.
The blast of flame hits you!
You die...

...........####..#####.#......).
...#####...# #........#...#....
..( #...# #........##..# .. ...
#...####.........##... ...
#†................##... ...
#........D######..)##....
...#####.......oo# ....###.#
.................# ....# .#
................@# ....#
.................# ..#
.................##
..######...........
..######...........
.......>........... #.
...........####..## #.
..[.......# #..# #. .#####...#
.# #.


You could see a fire dragon, a friendly orc knight and a friendly orc warrior.

Vanquished Creatures
  The ghost of Aliochah the Charlatan, a novice DrAr of Yredelemnul (D:8)
  The ghost of sking99 the Basher, a novice MiCK of Xom (D:7)
  An unseen horror (D:9)
  The ghost of chorionicmirror the Shield-Bearer, a novice DsFi of Okawaru (D:5)
  A freezing wraith (D:9)
  A hippogriff (D:6)
  Sigmund (D:3)
  4 humans (D:8)
  A warg (D:8)
  A soldier ant (D:9)
  A water moccasin (D:9)
  Duvessa (D:7)
  Purgy (Sewer)
  2 orc warriors (D:8)
  2 sky beasts (D:6)
  2 ice beasts
  4 ogres
  5 centaurs
  A crocodile (D:9)
  5 bullfrogs
  Dowan (D:7)
  2 scorpions
  4 killer bees
  A howler monkey (D:4)
  2 crimson imps (D:7)
  A quasit (D:9)
  A bullfrog zombie (D:9)
  4 hounds
  5 jellies
  7 orc priests
  Crazy Yiuf (D:7)
  A bullfrog skeleton (D:7)
  An iguana (D:8)
  5 orc wizards
  6 worker ants
  A hound zombie (D:8)
  A hound skeleton (D:6)
  A gnoll (D:1)
  11 adders
  A shadow imp (D:6)
  6 oozes
  2 adder skeletons
  3 worms
  4 dart slugs
  6 leopard geckos
  18 orcs
  5 bats
  3 giant cockroaches
  11 goblins
  14 hobgoblins
  12 jackals
  6 quokkas
  A ball python (D:2)
  8 frilled lizards
  A goblin skeleton (D:2)
  11 kobolds
  A quokka skeleton (D:9)
  4 rats
210 creatures vanquished.

Vanquished Creatures (collateral kills)
  A guardian serpent (D:9)
  A hippogriff (D:9)
  2 wyverns
  A basilisk (D:9)
  A fire bat (D:10)
  A warg (D:8)
  An ice beast (D:8)
  An orc warrior (D:8)
  An ogre (D:8)
  A crocodile (D:9)
  A scorpion (D:9)
  2 crimson imps
  A centaur zombie (D:9)
  A plant (D:8)
16 creatures vanquished.

Vanquished Creatures (others)
  A centaur (D:6)
  An orc priest (D:3)
  Robin (D:3)
  4 orcs
  3 goblins (D:3)
  A hobgoblin (D:3)
11 creatures vanquished.

Grand Total: 237 creatures vanquished

Notes
Turn   | Place    | Note
-------+----------+-------------------------------------------
     0 | D:1      | poop the Hill Orc Fighter began the quest for the Orb.
     0 | D:1      | Reached XP level 1. HP: 19/19 MP: 1/1
    70 | D:1      | Reached XP level 2. HP: 26/27 MP: 2/2
    81 | D:1      | Reached skill level 3 in Axes
   311 | D:1      | Reached XP level 3. HP: 33/33 MP: 3/3
   673 | D:1      | Reached skill level 1 in Dodging
  1058 | D:2      | Found a sparkling altar of Nemelex Xobeh.
  1107 | D:2      | Found a runed door.
  1107 | D:2      | Noticed a human
  1109 | D:2      | Found a basalt altar of Yredelemnul.
  1114 | D:2      | Reached XP level 4. HP: 33/40 MP: 4/4
  1486 | D:2      | Found a shimmering altar of Xom.
  1486 | D:2      | Found a shimmering altar of Xom.
  1549 | D:2      | Reached skill level 4 in Axes
  1657 | D:2      | Found an ornate altar of the Wu Jian Council.
  1835 | D:2      | Found a shimmering altar of Xom.
  1835 | D:2      | Found a shimmering altar of Xom.
  1861 | D:2      | Reached XP level 5. HP: 43/46 MP: 5/5
  1965 | D:2      | Found a hide-covered altar of Uskayaw.
  2052 | D:3      | Noticed Robin
  2149 | D:3      | Noticed Sigmund
  2158 | D:3      | Became a worshipper of Beogh the Brigand
  2162 | D:3      | Killed Sigmund
  2162 | D:3      | Reached skill level 5 in Axes
  2162 | D:3      | Reached XP level 6. HP: 51/53 MP: 6/6
  2312 | D:3      | Killed Robin
  3106 | D:4      | Found a bloodstained altar of Trog.
  3181 | D:4      | Reached XP level 7. HP: 45/60 MP: 7/7
  3185 | D:4      | Reached * piety under Beogh
  3185 | D:4      | Reached skill level 5 in Fighting
  3186 | D:4      | Reached skill level 6 in Axes
  3430 | D:5      | Entered Level 5 of the Dungeon
  3802 | D:5      | Found a glowing drain.
  3816 | Sewer    | Entered a sewer
  4013 | Sewer    | Noticed Purgy
  4026 | Sewer    | Killed Purgy
  4174 | D:5      | Found a sacrificial altar of Ru.
  4205 | D:5      | Reached skill level 5 in Armour
  4225 | D:5      | Noticed chorionicmirror's ghost (novice DsFi)
  4248 | D:5      | Killed chorionicmirror's ghost
  4248 | D:5      | Reached skill level 7 in Axes
  4248 | D:5      | Reached skill level 5 in Shields
  4248 | D:5      | Reached XP level 8. HP: 28/70 MP: 0/8
  4549 | D:5      | Found a radiant altar of Vehumet.
  4651 | D:6      | Reached skill level 8 in Axes
  4888 | D:6      | Found a staircase to the Ecumenical Temple.
  4926 | D:6      | Reached XP level 9. HP: 71/78 MP: 9/9
  4939 | D:6      | Reached ** piety under Beogh
  4939 | D:6      | Reached skill level 9 in Axes
  5011 | D:6      | Found Riuhoen's Weapon Emporium.
  5413 | D:7      | Noticed sking99's ghost (novice MiCK)
  5433 | D:7      | Killed sking99's ghost
  5433 | D:7      | Reached skill level 10 in Axes
  5692 | D:7      | Noticed Duvessa
  5692 | D:7      | Noticed Dowan
  5701 | D:7      | Killed Duvessa
  5710 | D:7      | Killed Dowan
  5710 | D:7      | Reached XP level 10. HP: 88/88 MP: 10/10
  5891 | D:7      | Found Sungicur's Magic Scroll Boutique.
  5904 | D:7      | Bought a scroll of enchant armour for 90 gold pieces
  6587 | D:7      | Found a runed door.
  6591 | D:7      | Noticed Crazy Yiuf
  6596 | D:7      | Killed Crazy Yiuf
  6641 | D:7      | Bought a scroll of fear for 42 gold pieces
  6789 | D:8      | Reached skill level 11 in Axes
  6850 | D:8      | Reached *** piety under Beogh
  6862 | D:8      | Noticed Aliochah's ghost (novice DrAr)
  7147 | D:8      | Found Tiuthrila's Jewellery Shop.
  7166 | D:8      | Reached skill level 5 in Dodging
  7166 | D:8      | Reached skill level 1 in Invocations
  7233 | D:8      | Found a staircase to the Lair.
  7326 | D:8      | Killed Aliochah's ghost
  7954 | D:8      | Found Dyogeahu's Gadget Boutique.
  8039 | D:9      | Noticed a guardian serpent
  8046 | D:9      | Killed a guardian serpent
  8181 | D:9      | Killed an unseen horror
  8181 | D:9      | Reached skill level 12 in Axes
  8181 | D:9      | Reached XP level 11. HP: 85/95 MP: 14/14
  8198 | D:9      | Reached skill level 5 in Invocations
  8442 | D:9      | Identified The Almanac of Greatest Risks and Utility
  8451 | D:9      | Got a slimy dagger
  8947 | D:10     | Entered Level 10 of the Dungeon
  9077 | D:10     | Noticed a fire dragon
  9078 | D:10     | Found the +7 great mace "Firestarter" {inner flame, rF++}
  9104 | D:10     | Gained mutation: Your system is resistant to poisons. (rPois) [potion of mutation]
  9104 | D:10     | Gained mutation: You are frail. (-10% HP) [potion of mutation]
  9104 | D:10     | Lost mutation: You are frail. (-10% HP) [potion of mutation]
  9104 | D:10     | Gained mutation: You have sharp fingernails. [potion of mutation]
  9104 | D:10     | Killed from afar by a fire dragon

Skill      XL: |  1  2  3  4  5  6  7  8  9 10 11 |
---------------+----------------------------------+-----
Axes           | 3 4 5 7 8 10 12 | 12.4
Fighting       | 4 6 7 8 |  8.9
Dodging        | 1 2 3 4 5 |  5.6
Shields        | 4 5 6 7 8 |  8.1
Armour         | 4 5 6 7 8 |  8.1
Invocations    | 4 5 |  5.6

Action                   |  1- 3 |  4- 6 |  7- 9 | 10-12 || total
-------------------------+-------+-------+-------+-------++-------
Melee: War axe           |   134 |   200 |   264 |   313 ||   911
Throw: Stone             |       |       |       |    10 ||    10
Invok: Convert to Beogh  |       |     1 |       |       ||     1
       Smiting           |       |       |       |     2 ||     2
Evoke: Wand              |       |       |     7 |     3 ||    10
  Use: Scroll            |       |     4 |     7 |     1 ||    12
       Potion            |       |     3 |     6 |     2 ||    11
 Stab: Paralysed         |       |       |       |     2 ||     2
  Eat: Ration            |     1 |     1 |     2 |     2 ||     6
       Chunk             |       |       |     2 |     5 ||     7
Armor: Scale mail        |    64 |   114 |   139 |     7 ||   324
       Skin              |       |       |     7 |       ||     7
       Plate armour      |       |       |       |   111 ||   111
       Leather armour    |       |       |       |     1 ||     1
Dodge: Dodged            |    43 |    55 |    89 |    55 ||   242
Block: Shield            |    73 |   114 |   198 |   205 ||   590
       Reflection        |       |       |    11 |       ||    11
